 Dungeon Crawl Stone Soup version 0.20-a0-903-g7e3609c (webtiles) character file.

9 Banto the Poker (level 2, -6/22 HPs)
             Began as a Demonspawn Gladiator on Mar 21, 2017.
             Mangled by a worm (9 damage)
             ... on level 2 of the Dungeon.
             The game lasted 00:00:39 (534 turns).

Banto the Poker (Demonspawn Gladiator)               Turns: 534, Time: 00:00:39

Health: -6/22      AC:  4    Str: 14    XL:     2   Next: 3%
Magic:  2/2        EV: 12    Int:  9    God:
Gold:   24         SH:  0    Dex: 14    Spells: 1/1 levels left

rFire    . . .     SeeInvis .   g - +0 whip (curse)
rCold    . . .     Gourm    .   b - +0 leather armour
rNeg     . . .     Faith    .   (no shield)
rPois    .         Spirit   .   c - +0 helmet
rElec    .         Reflect  .   (no cloak)
rCorr    .         Harm     .   (no gloves)
MR       .....                  (no boots)
Stlth    +.........             (no amulet)
Regen    0.1/turn               (no ring)
MPRegen  0.1/turn               (no ring)

@: no status effects
A: claws 1
a: no special abilities


You were on level 2 of the Dungeon.
You were not hungry.

You visited 1 branch of the dungeon, and saw 2 of its levels.

You collected 24 gold pieces.

Inventory:

Hand Weapons
 a - a +0 trident
 g - a cursed +0 whip (weapon)
Missiles
 d - 3 throwing nets (quivered)
Armour
 b - a +0 leather armour (worn)
 c - a +0 helmet (worn)
Comestibles
 f - 2 bread rations
 h - 2 chunks of flesh
 i - a meat ration


   Skills:
 + Level 2.1 Fighting
 - Level 3.1 Polearms
 - Level 1.7 Throwing
 + Level 2.6 Dodging


You had one spell level left.
You didn't know any spells.

Dungeon Overview and Level Annotations

Branches:
Dungeon (2/15)

Altars:


Innate Abilities, Weirdness & Mutations

You have sharp fingernails.


Message History

There is a stone staircase leading down here.
You climb downwards.
There is a stone staircase leading up here.
A worm comes into view.
Found 16 poisoned needles, an amethyst potion, 2 fruits and 10 gold pieces.
Found a stone staircase leading down.
A worm is nearby!
A worm is nearby!
A worm is nearby!
You are too injured to fight recklessly!
You are too injured to fight recklessly!
You are too injured to fight recklessly!
You see here 16 poisoned needles.
You see here 2 fruits.
The worm bites you.
* * * LOW HITPOINT WARNING * * *
The worm closely misses you.
You take 6 damage, and have 3/22 hp.
MASSIVE DAMAGE!!
The worm bites you!
You die...

.. . . .. ##. #.#.
... .
.#.#.##.########..
......#.#<........
......#.##........
............###.#.
...!>..@.(..#
##......w%..#
.....$$.....#
##............#
#.........##.#
#.........# .#
#.........# #
...........#
..##.#######


You could see a worm.

Vanquished Creatures
  2 giant cockroaches (D:1)
  A hobgoblin (D:1)
  2 kobolds (D:1)
  2 bats (D:1)
  2 rats (D:1)
9 creatures vanquished.

Notes
Turn   | Place    | Note
-------+----------+-------------------------------------------
     0 | D:1      | Banto the Demonspawn Gladiator began the quest for the Orb.
     0 | D:1      | Reached XP level 1. HP: 16/16 MP: 1/1
   249 | D:1      | Reached skill level 3 in Polearms
   512 | D:1      | Gained mutation: You have sharp fingernails. [demonic ancestry]
   512 | D:1      | Reached XP level 2. HP: 7/22 MP: 2/2
   534 | D:2      | Mangled by a worm

Vault maps used:
D:1:      minmay_arrival_diagonal_passages
D:2:      overflow_temple_1_default, grunt_qazlal_clouds,
          minmay_overflow_temple_star_quad, corexii_hall_statues_t

Skill      XL: |  1 |
---------------+----+-----
Polearms       | 3 |  3.1
Fighting       | |  2.1
Throwing       | |  1.7
Dodging        | |  2.6

Action                   || total
-------------------------++-------
Melee: Whip              ||    46
       Trident           ||     4
  Use: Scroll            ||     1
Armor: Leather armour    ||    14
Dodge: Dodged            ||    38

Table legend:
 A = Turns spent in this place as a percentage of turns spent in the entire game.
 B = Non-inter-level travel turns spent in this place as a percentage of non-inter-level travel turns spent in the entire game.
 C = Inter-level travel turns spent in this place as a percentage of turns spent in this place.
 D = Turns resting spent in this place as a percentage of non-inter-level travel turns spent in this place.
 E = Turns spent auto-exploring this place as a percentage of non-inter-level travel turns spent in this place.
 F = Non-inter-level travel turns spent in this place divided by the number of levels of this place that you've seen.
                   A       B       C       D       E      F
               +-------+-------+-------+-------+-------+----------------------
         Total | 100.0 | 100.0 |   0.0 |   2.3 |   8.5 |  88.5
       Dungeon | 100.0 | 100.0 |   0.0 |   2.3 |   8.5 |  88.5
               +-------+-------+-------+-------+-------+----------------------

Table legend:
 A = Kills in this place as a percentage of kills in entire the game.
 B = Kills by you in this place as a percentage of kills by you in the entire game.
 C = Kills by friends in this place as a percentage of kills by friends in the entire game.
 D = Other kills in this place as a percentage of other kills in the entire game.
 E = Experience gained in this place as a percentage of experience gained in the entire game.
 F = Experience gained in this place divided by the number of levels of this place that you have seen.
                   A       B       C       D       E      F
               +-------+-------+-------+-------+-------+----------------------
         Total | 100.0 | 100.0 |  -nan |  -nan | 100.0 |   6.5
       Dungeon | 100.0 | 100.0 |  -nan |  -nan | 100.0 |   6.5
               +-------+-------+-------+-------+-------+----------------------
